 Dungeon Crawl Stone Soup version 0.30.1-3-gfc49f6343a (webtiles) character file.

Game seed: 9102655231737299523

873 Arctor the Sneak (level 8, 0/41 HPs)
             Began as a Gargoyle Fire Elementalist on July 19, 2023.
             Slain by a water moccasin (7 damage)
             ... on level 5 of the Dungeon.
             The game lasted 00:09:03 (6406 turns).

Arctor the Sneak (Gargoyle Fire Elementalist)       Turns: 6406, Time: 00:09:04

Health: 0/41       AC:  9    Str: 12    XL:     8   Next: 4%
Magic:  1/14       EV: 12    Int: 18    God:
Gold:   325        SH:  0    Dex: 10    Spells: 8/15 levels left

rFire   . . .        g - +1 dagger (freeze)
rCold   . . .        (no shield)
rNeg    + . .        a - +0 robe
rPois   ∞            (no helmet)
rElec   +            h - +0 cloak
rCorr   .            (no gloves)
SInv    .            i - +0 pair of boots
Will    .....        (no amulet)
Stlth   +++          w - +4 ring of slaying
HPRegen 0.26/turn    (no ring)
MPRegen 0.14/turn

%: no passive effects
@: very slightly contaminated
A: sickness immunity, AC +5, negative energy resistance 1, electricity
resistance, torment resistance 1, petrification resistance
a: no special abilities


You were on level 5 of the Dungeon.
You visited 1 branch of the dungeon, and saw 6 of its levels.

You collected 325 gold pieces.

Inventory:

Hand Weapons
 g - a +1 dagger of freezing (weapon)
Missiles
 p - a throwing net
 v - 2 silver boomerangs
Armour
 a - a +0 robe (worn)
 h - a +0 cloak (worn)
 i - a +0 pair of boots (worn)
Jewellery
 w - a +4 ring of slaying (left hand)
Wands
 s - a wand of polymorph (10)
Scrolls
 e - 2 scrolls of blinking
 f - 2 scrolls of teleportation
 k - a scroll of immolation
 o - 2 scrolls of poison
 u - 2 scrolls of magic mapping
 y - a scroll of enchant armour
Potions
 b - 3 potions of magic
 c - 2 potions of haste {unknown}
 d - 2 potions of brilliance {unknown}
 j - a potion of cancellation {unknown}
 m - a potion of invisibility {unknown}
 n - 2 potions of attraction {unknown}
 r - a potion of flight {unknown}
 t - a potion of curing {unknown}


   Skills:
 + Level 3.6 Dodging
 + Level 5.2 Stealth
 + Level 4.0 Spellcasting
 + Level 4.2 Conjurations
 + Level 4.8 Fire Magic


You had 8 spell levels left.
You knew the following spells:

 Your Spells              Type           Power      Damage    Failure   Level
a - Foxfire               Conj/Fire      80%        2x1d8     2%          1
b - Scorch                Fire           42%        2d6       3%          2
c - Flame Wave            Conj/Fire      20%        2d7       22%         4

Your spell library contained the following spells:

 Spells                   Type           Power      Damage    Failure   Level
 Momentum Strike          Conj/Tloc      22%        3d8       10%         2
 Inner Flame              Hex/Fire       12%        N/A       16%         3
 Volatile Blastmotes      Fire/Tloc      24%        2d12      16%         3
 Wereblood                Tmut           3%         N/A       22%         2
 Iskenderun's Mystic Bla  Conj/Tloc      11%        2d4       52%         4
 Summon Forest            Summ/Tloc      1%         N/A       99%         5
 Summon Hydra             Summ           1%         N/A       100%        7
 Sublimation of Blood     Necr           Unusable   N/A       N/A         2

Dungeon Overview and Level Annotations

Branches:
Dungeon (6/15)             Temple (0/1) D:5

Altars:
Dithmenos
Nemelex Xobeh
Xom
Yredelemnul

Shops:
D:1 *   D:4 =


Innate Abilities, Weirdness & Mutations

You are immune to sickness and miasma.
Your stone body is resilient. (AC +5)
You are immune to poison.
You resist negative energy. (rN+)
You are resistant to electric shocks. (rElec)
You are resistant to unholy torment.
You are immune to petrification.


Message History

Confirm with . or Enter, or press ? or * to list all spells.
You miscast Scorch.
Nothing appears to happen.
The water moccasin bites you. x2
Unknown command.
Casting: Scorch (safe; 3% risk of failure)
Confirm with . or Enter, or press ? or * to list all spells.
Flames lash the scorpion.
The scorpion is burned terribly!
You kill the scorpion!
The water moccasin barely misses you.
Your Spellcasting skill increases to level 4!
You have reached level 8!
You feel clever.
Casting: Scorch (safe; 3% risk of failure)
Confirm with . or Enter, or press ? or * to list all spells.
You conjure some foxfire!
The water moccasin barely misses you.
Casting: Foxfire (safe; 2% risk of failure)
Confirm with . or Enter, or press ? or * to list all spells.
Flames lash the water moccasin.
The water moccasin is moderately wounded.
The water moccasin's fire resistance burns away.
The foxfire hits the water moccasin but does no damage.
The water moccasin is moderately wounded.
The foxfire hits the water moccasin.
The water moccasin is moderately wounded.
The water moccasin misses you. The water moccasin barely misses you.
You hit the water moccasin. You freeze the water moccasin.
The water moccasin is moderately wounded.
The water moccasin barely misses you.
You miss the water moccasin.
The water moccasin is moderately wounded.
The water moccasin barely misses you. The water moccasin bites you.
You puncture the water moccasin! You freeze the water moccasin.
The water moccasin is severely wounded.
The water moccasin bites you.
You miss the water moccasin.
The water moccasin is severely wounded.
The water moccasin bites you.
* * * LOW HITPOINT WARNING * * *
The water moccasin is no longer more vulnerable to fire.
The water moccasin bites you!
You die...

.........##..........#......#
..........#..........#......#
........#.#....).........########
........#................<......#
................................#
..............###.....###.......#
....#.........#.........'.......#
....#........[#...#######.......#
....#.....#..>.S@<.....##........
..........#...#.#.........##.....
..........#...#.##.....#####.....
..........###.#..................
..........# #.######...#####.....
.....##.### #.# #...# #.....
.#...##.# #.# #...# #.....
.######.# #.# #...# #.....
.######.### #.# #...# #..[..


You could see a water moccasin.

Vanquished Creatures
  An ogre (D:5)
  A centaur (D:5)
  4 scorpions
  5 hounds (D:5)
  A jelly (D:3)
  An orc priest (D:4)
  A sleepcap (D:5)
  2 orc wizards
  An iguana (D:5)
  5 adders
  3 white imps (D:5)
  An ufetubus (D:5)
  3 worms
  2 dart slugs
  14 orcs
  9 ball pythons
  6 endoplasms
  3 giant cockroaches
  4 goblins
  4 hobgoblins
  7 kobolds
  3 quokkas
  5 bats
  3 frilled lizards (D:1)
  6 rats
95 creatures vanquished.

Vanquished Creatures (others)
  399 foxfires
399 creatures vanquished.

Grand Total: 494 creatures vanquished

Notes
Turn   | Place    | Note
-------+----------+-------------------------------------------
     0 | D:1      | Arctor the Gargoyle Fire Elementalist began the quest for
                  | the Orb.
     0 | D:1      | Reached XP level 1. HP: 10/10 MP: 3/3
   179 | D:1      | Found Begaikh's Assorted Antiques.
   345 | D:1      | Reached XP level 2. HP: 15/15 MP: 3/5
   389 | D:1      | Found a faded altar of an unknown god.
  1505 | D:2      | Reached XP level 3. HP: 16/19 MP: 3/6
  2214 | D:2      | Reached XP level 4. HP: 24/24 MP: 4/7
  2379 | D:3      | Found a basalt altar of Yredelemnul.
  2443 | D:3      | Reached skill level 3 in Stealth
  2547 | D:3      | Identified the +3 chain mail "Sopal" {rPois Int-3 Dex+5}
  3466 | D:4      | Noticed a scorpion
  3507 | D:3      | Reached XP level 5. HP: 16/28 MP: 3/9
  3587 | D:3      | Learned a level 2 spell: Scorch
  3888 | D:4      | Found a sparkling altar of Nemelex Xobeh.
  3907 | D:4      | Reached XP level 6. HP: 29/32 MP: 5/10
  4058 | D:4      | Found a shadowy altar of Dithmenos.
  4231 | D:4      | Found Igumn's Jewellery Shop.
  4656 | D:5      | Entered Level 5 of the Dungeon
  4668 | D:5      | Reached skill level 4 in Stealth
  4797 | D:5      | Reached XP level 7. HP: 35/36 MP: 8/12
  5154 | D:5      | Got the Compilation of the Geodesic
  5162 | D:5      | Found a staircase to the Ecumenical Temple.
  5599 | D:5      | Learned a level 4 spell: Flame Wave
  5964 | D:5      | Found a shimmering altar of Xom.
  5972 | D:5      | Reached skill level 5 in Stealth
  6400 | D:5      | Reached XP level 8. HP: 18/41 MP: 3/14
  6406 | D:5      | Slain by a water moccasin

Illustrated notes

Levels and vault maps discovered:
D:1:      eino_arrival_druids_welcome, layout_loops_corners, serial_shops,
          nicolae_shop_pleasant_corner_grove,
          chequers_ecumenical_altar_simple_redux
D:2:      layout_rooms
D:3:      layout_loops_ring, amcnicky_altar_gilded
D:4:      layout_gridville, nicolae_dithmenos_through_a_glass_darkly,
          mainiacjoe_overflow_six_doors_small, serial_shops,
          nicolae_shop_getting_attention, minmay_misc_feat_room,
          grunt_ministairs_1
D:5:      layout_basic, tgw_xom, minmay_temple_entry_butterflies
D:6:      layout_gridville, kennysheep_little_box, portal_sewer_entry_d,
          gammafunk_ghost_arena, kennysheep_generic_room_2

Skill      XL: |  1  2  3  4  5  6  7 |
---------------+----------------------+-----
Dodging        | 2 3 |  3.6
Conjurations   | 2 3 4 |  4.2
Stealth        | 3 4 5 |  5.2
Spellcasting   | 3 4 |  4.0
Fire Magic     | 4 |  4.8

Action                     |  1- 3 |  4- 6 |  7- 9 || total
---------------------------+-------+-------+-------++-------
  Melee: Unarmed           |    23 |       |       ||    23
         Dagger            |    11 |    41 |     9 ||    61
         Punch             |     1 |     1 |       ||     2
   Cast: Foxfire           |    70 |   119 |    53 ||   242
         Scorch            |       |       |    14 ||    14
    Use: Scroll            |     2 |     2 |     6 ||    10
 Armour: Robe              |    29 |    47 |    18 ||    94
  Dodge: Dodged            |    39 |    66 |    23 ||   128
